 Dungeon Crawl Stone Soup version 0.18.1-5-g4a78601 (webtiles) character file.

410 Guinours the Grave Robber (level 6, 0/44 HPs)
             Began as a Mummy Necromancer on May 11, 2016.
             Was an Initiate of Sif Muna.
             Slain by an ogre
             ... wielding a +0 giant spiked club
              (31 damage)
             ... on level 4 of the Dungeon.
             The game lasted 00:39:04 (4592 turns).

Guinours the Grave Robber (Mummy Necromancer)       Turns: 4592, Time: 00:39:05

Health: 0/44       AC:  2    Str: 18    XL:     6   Next: 58%
Magic:  10/12      EV: 12    Int: 16    God:    Sif Muna [......]
Gold:   178        SH:  0    Dex: 13    Spells: 3 memorised, 5 levels left

rFire  x . .     SeeInvis .     k - +0 falchion
rCold  + . .     Gourm    .     a - +0 robe
rNeg   + + +     Faith    .     (no shield)
rPois  ∞         Spirit   .     (no helmet)
rElec  .         Dismiss  .     (no cloak)
rCorr  .         Reflect  .     (no gloves)
SustAt .         Harm     .     (no boots)
MR     .....                    (no amulet)
Stlth  ++........               j - +4 ring of strength
                                d - +3 ring of strength

@: not resistant to hostile enchantments, unstealthy
A: no food or potions, fire vulnerability, cold resistance 1, negative energy
resistance 3, torment resistance, unbreathing
a: Renounce Religion


You were on level 4 of the Dungeon.
You worshipped Sif Muna.
Sif Muna was noncommittal.
You were not hungry.

You visited 1 branch of the dungeon, and saw 4 of its levels.

You collected 178 gold pieces.

Inventory:

Hand Weapons
 f - a +0 club
 k - a +0 falchion (weapon)
Missiles
 e - 28 bolts
Armour
 a - a +0 robe (worn)
Jewellery
 d - a +3 ring of strength (left hand)
 j - a +4 ring of strength (right hand)
 l - an uncursed ring of loudness
Wands
 g - a wand of digging (6/24)
Scrolls
 c - a scroll of amnesia
 h - a scroll of magic mapping
 i - a scroll of remove curse
Books
 b - a book of Necromancy

   Spells                             Type                      Level
   a - Pain                           Necromancy                   1
   b - Animate Skeleton               Necromancy                   1
   c - Vampiric Draining              Necromancy                   3
   d - Regeneration                   Charms/Necromancy            3
   e - Animate Dead                   Necromancy                   4
   f - Control Undead                 Necromancy                   4


   Skills:
 * Level 1.9 Fighting
 + Level 1.0 Long Blades
 + Level 2.3 Dodging
 + Level 1.7 Stealth
 + Level 4.2 Spellcasting
 + Level 5.6 Necromancy


You had 5 spell levels left.
You knew the following spells:

 Your Spells              Type           Power        Failure   Level  Hunger
a - Pain                  Necr           ###.         1%          1    N/A
c - Vampiric Draining     Necr           ###.......   6%          3    N/A
d - Animate Dead          Necr           N/A          17%         4    N/A

Dungeon Overview and Level Annotations

Branches:
Dungeon (4/15)
 Temple: D:4-7

Altars:
Ashenzari
Fedhas
Gozag
Okawaru
Sif Muna
Trog
The Shining One


Innate Abilities, Weirdness & Mutations

You do not eat or drink.
Your flesh is vulnerable to fire.
You are immune to poison.
Your flesh is cold resistant.
You are immune to negative energy.
You are immune to unholy pain and torment.
You can survive without breathing.


Message History

Aim: a howler monkey (moderately wounded, chance to defeat MR: 86%)
The howler monkey barely resists.
The howler monkey closely misses you. The howler monkey misses you.
You barely miss the howler monkey.
The howler monkey is moderately wounded.
The howler monkey hits you but does no damage.
The howler monkey closely misses you.
You barely miss the howler monkey.
The howler monkey is moderately wounded.
The howler monkey hits you. The howler monkey bites you.
The howler monkey hits you.
The howler monkey bites you but does no damage.
The ogre barely misses you.
The howler monkey hoots and howls with incredible vigour!
The howler monkey hits you. The howler monkey bites you.
The ogre hits you with a giant spiked club.
The howler monkey hoots and howls with incredible vigour!
The ogre hits you with a giant spiked club!!
Ouch! That really hurt!
You die...

.# #.#########...####.......
.# #.# #.....##.###.## .#
#.# #.....##.###.##
.########<# #........).....
.##.......# #............##
.##.###########
#........###...
..............#######...##.#
####
###.#########....O.........#
##.###....[...>@.h###.#####
##...##.##########.###.#
.#.#.##.# #.....# ......#.#
#####.# .#.#.##.# #.#
......#.# #.# .#.#.##.####
#.# ...........###########.#
.#.#.#####.............#


You could see an ogre and a howler monkey.

Vanquished Creatures
  An ogre (D:4)
  A scorpion (D:4)
  A crimson imp (D:3)
  An orc priest (D:3)
  A hound (D:4)
  A giant frog skeleton (D:4)
  6 adders
  An ooze (D:2)
  An adder skeleton (D:3)
  A worm (D:2)
  4 dart slugs
  5 giant geckos
  6 orcs
  8 bats
  5 giant cockroaches
  4 goblins
  8 hobgoblins
  4 jackals
  3 quokkas
  5 giant newts
  7 kobolds
  12 rats
86 creatures vanquished.

Notes
Turn   | Place    | Note
--------------------------------------------------------------
     0 | D:1      | Guinours the Mummy Necromancer began the quest for the Orb.
     0 | D:1      | Reached XP level 1. HP: 13/13 MP: 3/3
   194 | D:1      | Reached XP level 2. HP: 19/19 MP: 0/5
   628 | D:1      | Learned a level 1 spell: Animate Skeleton
   809 | D:2      | Found a shattered altar of Ashenzari.
   860 | D:2      | Reached XP level 3. HP: 24/24 MP: 1/6
  1281 | D:2      | Learned a level 3 spell: Vampiric Draining
  1338 | D:2      | Reached XP level 4. HP: 27/30 MP: 0/8
  1609 | D:2      | Found a bloodstained altar of Trog.
  1630 | D:2      | Found a blossoming altar of Fedhas.
  2636 | D:3      | Reached skill level 5 in Necromancy
  2636 | D:3      | Reached XP level 5. HP: 8/36 MP: 8/10
  3174 | D:3      | Found an iron altar of Okawaru.
  3270 | D:3      | Reached skill level 1 in Fighting
  3481 | D:3      | Learned a level 4 spell: Animate Dead
  3481 | D:3      | Found a glowing golden altar of the Shining One.
  3506 | D:3      | Found an opulent altar of Gozag.
  3507 | D:3      | Found a deep blue altar of Sif Muna.
  3520 | D:3      | Became a worshipper of Sif Muna the Loreminder
  3704 | D:4      | Noticed an ogre
  3710 | D:4      | Killed an ogre
  3710 | D:4      | Reached XP level 6. HP: 43/43 MP: 1/11
  4000 | D:4      | Reached skill level 1 in Long Blades
  4592 | D:4      | Slain by an ogre

Skill      XL: |  1  2  3  4  5  6 |
---------------+-------------------+-----
Spellcasting   | 3 4 |  4.2
Dodging        | 2 |  2.3
Necromancy     | 5 |  5.6
Fighting       | 1 |  1.9
Long Blades    | 1 |  1.0
Stealth        | |  1.7

Action                   |  1- 3 |  4- 6 || total
-------------------------+-------+-------++-------
Melee: Unarmed           |    13 |     1 ||    14
       Falchion          |       |    79 ||    79
 Cast: Pain              |    74 |   117 ||   191
       Animate Skeleton  |     1 |     2 ||     3
       Vampiric Draining |     1 |       ||     1
       Animate Dead      |       |     2 ||     2
Evoke: Wand              |       |     1 ||     1
  Use: Scroll            |     4 |     8 ||    12
Armor: Robe              |     7 |    16 ||    23
Dodge: Dodged            |    24 |    85 ||   109
